 Dungeon Crawl Stone Soup version 0.23.2-33-g5129a83184 (webtiles) character file.

Game seed: 8247113758515349505

48 Joat the Magician (level 3, 6/24 HPs)
             Began as a Demonspawn Wizard on July 6, 2019.
             Got out of the dungeon alive.
             The game lasted 00:09:13 (2246 turns).

Joat the Magician (Demonspawn Wizard)               Turns: 2246, Time: 00:09:14

Health: 6/24       AC:  2    Str:  7    XL:     3   Next: 50%
Magic:  2/7        EV: 12    Int: 20    God:
Gold:   23         SH:  4    Dex: 11    Spells: 0/8 levels left

rFire    . . .     SeeInvis .   e - +0 dagger
rCold    . . .     Gourm    .   g - +0 buckler
rNeg     . . .     Faith    .   a - +0 robe
rPois    .         Spirit   +   b - +0 hat
rElec    .         Reflect  .   (no cloak)
rCorr    .         Harm     .   (no gloves)
MR       .....                  (no boots)
Stlth    ++........             i - amulet of guardian spirit
HPRegen  0.08/turn              (no ring)
MPRegen  0.10/turn              (no ring)

@: mildly poisoned (6 -> 5), very slightly contaminated, invisible
A: powered by death 2
a: no special abilities


You escaped.
You were not hungry.

You visited 1 branch of the dungeon, and saw 2 of its levels.

You collected 23 gold pieces.

Inventory:

Hand Weapons
 e - a +0 dagger (weapon)
Armour
 a - a +0 robe (worn)
 b - a +0 hat (worn)
 g - a +0 buckler (worn)
Jewellery
 i - an amulet of guardian spirit (around neck)
Scrolls
 h - 3 scrolls of noise {unknown}
 k - a scroll of remove curse {unknown}
 m - a scroll of identify {unknown}
Potions
 l - a potion of haste
Comestibles
 c - 6 chunks of flesh
 d - 3 rations


   Skills:
 - Level 1.8 Dodging
 - Level 1.8 Stealth
 + Level 2.3 Shields
 - Level 3.1 Spellcasting
 - Level 1.5 Conjurations
 - Level 1.0 Summonings
 - Level 0.8 Translocations


You couldn't memorise any spells.
You knew the following spells:

 Your Spells              Type           Power        Failure   Level  Hunger
v - Mephitic Cloud        Conj/Pois/Air  #.......     38%         3    ###....
w - Call Imp              Summ           #.......     17%         2    ##.....
z - Magic Dart            Conj           #...         9%          1    None
B - Blink                 Tloc           N/A          19%         2    ##.....

Your spell library contained the following spells:

 Spells                   Type           Power        Failure   Level  Hunger
 Slow                     Hex            #.......     26%         2    ##.....
 Conjure Flame            Conj/Fire      #.......     36%         3    ###....


Dungeon Overview and Level Annotations

Branches:
Dungeon (2/15)

Altars:


Innate Abilities, Weirdness & Mutations

You regenerate health from kills.


Message History

You fade into invisibility!
The adder misses you.
You are very lightly contaminated with residual magic.
You closely miss the adder. The adder bites you.
You are more poisoned.
The adder poisons you! The adder barely misses you.
You closely miss the adder.
You feel sick. The adder closely misses you.
You closely miss the adder.
You feel sick. The adder completely misses you.
You hit the adder.
The adder is lightly wounded.
You feel sick.
The adder hisses angrily.
You feel sick.
You feel sick.
You feel sick.
You feel sick.
There is a staircase leading out of the dungeon here.
Are you sure you want to leave the Dungeon?
This will make you lose the game!
You feel sick.
You have escaped!

....###.# #..#.....#.....#...###)
#.#.###.###...######.......#.....
#.#................#.....###.###รท
#.#.###.####..####.#.....###..##.
......#.# #..................##.
#.#.#.#.# #..##.###.####........
#.#...#.# ####...#### #.##...##
......######.........####.##.#.##
......# #.......@.......#.##.....
......######.........####....#.##
......#....####...#### #.##.#..#
.........#.#####.########.##.##.#
#####.#..........# #.........##.#
##.##.#####..## #.##########..
#.....# #.## #.# #...# ##.
####.....# #.# #.###...#####.
.........# #.#####.##..........


There were no monsters in sight!

Vanquished Creatures
  3 oozes
  A dart slug (D:1)
  2 leopard geckos (D:1)
  A ball python (D:1)
  A giant cockroach (D:2)
  5 goblins
  5 hobgoblins
  3 bats
  3 frilled lizards (D:1)
  4 kobolds (D:1)
  3 rats (D:1)
31 creatures vanquished.

Notes
Turn   | Place    | Note
-------+----------+-------------------------------------------
     0 | D:1      | Joat the Demonspawn Wizard began the quest for the Orb.
     0 | D:1      | Reached XP level 1. HP: 13/13 MP: 4/4
   450 | D:1      | Gained mutation: You regenerate a little health from kills.
                  | [demonic ancestry]
   450 | D:1      | Reached XP level 2. HP: 8/19 MP: 3/6
   717 | D:1      | Reached skill level 1 in Shields
   721 | D:1      | Learned a level 2 spell: Call Imp
   724 | D:1      | Learned a level 2 spell: Blink
  1164 | D:1      | Gained mutation: You regenerate health from kills. [demonic
                  | ancestry]
  1164 | D:1      | Reached XP level 3. HP: 18/24 MP: 7/7
  1416 | D:1      | Learned a level 3 spell: Mephitic Cloud
  2246 | D:$      | Got out of the dungeon alive.

Skill      XL: |  1  2  3 |
---------------+----------+-----
Shields        | 1 2 |  2.3
Dodging        | |  1.8
Stealth        | |  1.8
Spellcasting   | |  3.1
Conjurations   | |  1.5
Summonings     | |  1.0
Translocations | |  0.8

Action                   || total
-------------------------++-------
Melee: Dagger            ||   148
       Unarmed           ||     6
 Cast: Magic Dart        ||    44
       Mephitic Cloud    ||     1
  Use: Potion            ||     2
 Stab: Sleeping          ||     1
  Eat: Chunk             ||     4
Armor: Robe              ||    21
Dodge: Dodged            ||    91
Block: Buckler           ||    19
